 Dungeon Crawl Stone Soup version 0.27-b1-23-g44b8eac545 (webtiles) character file.

Game seed: 16193324732752668691

88 Urokeeper the Sneak (level 4, 0/34 HPs)
             Began as a Demonspawn Brigand on July 28, 2021.
             Slain by a gnoll (7 damage)
             ... on level 3 of the Dungeon.
             The game lasted 00:08:42 (1741 turns).

Urokeeper the Sneak (Demonspawn Brigand)            Turns: 1741, Time: 00:08:43

Health: 0/34       AC:  6    Str: 11    XL:     4   Next: 29%
Magic:  0/4        EV: 10    Int: 12    God:
Gold:   161        SH:  0    Dex: 16    Spells: 3/3 levels left

rFire    . . .     SeeInvis .   j - +0 short sword (venom)
rCold    . . .     Faith    .   (no shield)
rNeg     . . .     Spirit   +   i - +0 ring mail
rPois    .         Reflect  .   (no helmet)
rElec    .         Harm     .   c - +0 cloak
rCorr    .         Rampage  .   (no gloves)
Will     .....                  (no boots)
Stlth    ++........             l - amulet of guardian spirit
HPRegen  0.11/turn              (no ring)
MPRegen  0.09/turn              (no ring)

@: no status effects
A: demonic guardian 1, spiny 1
a: no special abilities


You were on level 3 of the Dungeon.
You visited 1 branch of the dungeon, and saw 3 of its levels.

You collected 161 gold pieces.

Inventory:

Hand Weapons
 a - a +2 dagger
 j - a +0 short sword of venom (weapon)
Missiles
 d - 6 poisoned darts
 e - a curare-tipped dart (quivered)
Armour
 b - a +0 robe
 c - a +0 cloak (worn)
 i - a +0 ring mail (worn)
Jewellery
 l - an amulet of guardian spirit (around neck)
Scrolls
 f - a scroll of teleportation
 h - a scroll of acquirement
Potions
 k - 3 potions of attraction {unknown}
 m - a potion of heal wounds {unknown}


   Skills:
 + Level 2.3 Fighting
 + Level 2.6 Short Blades
 + Level 2.2 Throwing
 + Level 0.6 Armour
 + Level 1.3 Dodging
 + Level 4.3 Stealth


You had 3 spell levels left.
You didn't know any spells.
Your spell library was empty.

Dungeon Overview and Level Annotations

Branches:
Dungeon (3/15)

Altars:

Shops:
D:1 :


Innate Abilities, Weirdness & Mutations

A weak demonic guardian rushes to your aid.
You are partially covered in sharp spines.


Message History

Things that are here:
a +0 club; 6 gold pieces The gnoll hits you with a +2 flail of protection!
Found a stone staircase leading down.
You are too injured to fight recklessly!
You are too injured to fight recklessly!
You are too injured to fight recklessly!
You are too injured to fight recklessly!
You are too injured to fight recklessly!
You hit the gnoll but do no damage.
The gnoll is poisoned.
The gnoll barely misses you.
You hit the gnoll.
The gnoll is lightly wounded.
The gnoll barely misses you.
You closely miss the gnoll.
The gnoll is lightly wounded.
The gnoll hits you with a +2 flail of protection.
You completely miss the gnoll.
The gnoll is lightly wounded.
The gnoll hits you with a +2 flail of protection!
* * * LOW HITPOINT WARNING * * *
You hit the gnoll.
The gnoll is moderately wounded.
The gnoll barely misses you.
Drop what? 12/52 slots (_ for help) (? for menu, Esc to quit)
Okay, then.
Throw: 2 darts (curare)
Press: ? - help, Q - select action, (/) - cycle Shift-Dir - straight line, f - gnoll
Aim: a gnoll, wielding a +2 flail of protection (moderately wounded, very poisoned, 65% to hit)
You throw a curare-tipped dart. The curare-tipped dart hits the gnoll.
The gnoll looks as sick as possible!
The gnoll convulses.
The gnoll seems to slow down.
The gnoll is almost dead.
You hit the gnoll but do no damage.
The gnoll is almost dead.
The gnoll barely misses you.
You closely miss the gnoll.
The gnoll is almost dead.
The gnoll hits you with a +2 flail of protection!
You die...

....# ####
#....#####.. .#
.........#.##.#
............#.#
..............#
.............#
..........)..#
#...(g@)....#
..(........#....#
##....####.####.#
#....
#........###
....>
#.#.#<....<#
....#
...#)########
..## ###
#.......# ..
#######.#


You could see a gnoll (extremely poisoned, slow).

Vanquished Creatures
  3 gnolls (D:3)
  An adder (D:2)
  A dart slug (D:2)
  An orc (D:3)
  7 ball pythons
  2 bats
  5 endoplasms
  3 giant cockroaches
  3 goblins
  A hobgoblin (D:1)
  7 jackals
  A quokka (D:2)
  A frilled lizard (D:1)
  5 kobolds
  3 rats
44 creatures vanquished.

Notes
Turn   | Place    | Note
-------+----------+-------------------------------------------
     0 | D:1      | Urokeeper the Demonspawn Brigand began the quest for the
                  | Orb.
     0 | D:1      | Reached XP level 1. HP: 16/16 MP: 1/1
   369 | D:1      | Gained mutation: You are partially covered in sharp spines.
                  | [demonic ancestry]
   369 | D:1      | Reached XP level 2. HP: 22/22 MP: 2/2
   388 | D:1      | Found Zuvuimos's Book Shoppe.
   428 | D:1      | Found a faded altar of an unknown god.
   436 | D:1      | Reached skill level 4 in Stealth
   767 | D:1      | Reached skill level 1 in Dodging
   963 | D:2      | Reached XP level 3. HP: 19/27 MP: 3/3
  1688 | D:2      | Identified a scroll of acquirement
  1719 | D:3      | Gained mutation: A weak demonic guardian rushes to your
                  | aid. [demonic ancestry]
  1719 | D:3      | Reached XP level 4. HP: 23/34 MP: 4/4
  1741 | D:3      | Slain by a gnoll

Illustrated notes

Levels and vault maps discovered:
D:1:      shiori_shiawase, layout_basic, serial_shops, shop,
          basic_ecumenical_altar
D:2:      layout_loops_ring
D:3:      layout_basic, corexii_hall_statues_l, guppyfry_early_lair_pool,
          uniq_crazy_yiuf_cottage, uniq_natasha

Skill      XL: |  1  2 |
---------------+-------+-----
Throwing       | 2 |  2.2
Stealth        | 4 |  4.3
Short Blades   | 2 |  2.6
Dodging        | 1 |  1.3
Fighting       | |  2.3
Armour         | |  0.6

Action                   |  1- 3 |  4- 6 || total
-------------------------+-------+-------++-------
Melee: Dagger            |    42 |       ||    42
       Short sword       |    48 |    10 ||    58
Throw: Dart              |     5 |     1 ||     6
  Use: Scroll            |     2 |       ||     2
 Stab: Sleeping          |     2 |       ||     2
Armor: Robe              |     9 |       ||     9
       Ring mail         |    16 |     2 ||    18
Dodge: Dodged            |    38 |     5 ||    43
